AoeStats
← Toni

Arena

508840075Analyzed
1v1 RM · 6d ago on Sep 24, 2026· 35m 17s· 2 players
Game mode
Random Map
Map size
Tiny (2 player)
Population
200
Speed
Normal
Resources
Standard
Victory
Conquest
Starting age
Dark Age
Ending age
Imperial Age
RankedLock teamsTeams togetherTeam positionsShared explorationLock speedFull tech treeHidden civsTurbo modeCheats
Victory
Defeat
🇷🇴 Hindustanis · Romania
776
+20
🇯🇵 Japanese · Japan
864
-20
Toni
10:11 Feudal Age
11:06 Double-Bit Axe
11:36 Horse Collar
16:46 Castle Age
16:50 Padded Archer Armor
34:12 Imperial Age
32:11 Heavy Plow
32:04 Gold Mining
32:40 Bow Saw
33:33 Bloodlines
33:24 Husbandry
34:29 Heavy Camel Rider
スサノオ
0:50 Loom
12:47 Feudal Age
16:48 Castle Age
15:28 Double-Bit Axe
15:46 Gold Mining
16:17 Stone Mining
20:36 Horse Collar
21:37 Sanctity
21:36 Heavy Plow
21:49 Bow Saw
23:06 Fervor
24:48 Atonement
26:46 Wheelbarrow
29:15 Treadmill Crane
29:56 Ballistics
32:41 Guard Tower
35:45 Imperial Age
34:25 Gold Shaft Mining
34:17 Town Watch
35:17 Hand Cart
35:02 Town Patrol
35:08 Fletching
35:35 Town Patrol
35:32 Murder Holes
Connection lost

Rejoining the realm…

Still unreachable

The connection could not be restored.

Session expired

The server has moved on; the page needs a fresh start.